 Dungeon Crawl Stone Soup version 0.19.5 (webtiles) character file.

355 JeffiDaFish the Shield-Bearer (level 6, 0/38 HPs)
             Began as a Gargoyle Fighter on Apr 18, 2017.
             Slain by antares's ghost (6 damage)
             ... on level 4 of the Dungeon.
             The game lasted 00:06:24 (2790 turns).

JeffiDaFish the Shield-Bearer (Gargoyle Fighter)    Turns: 2790, Time: 00:06:24

Health: 0/38       AC: 13    Str: 20      XL:     6   Next: 63%
Magic:  6/6        EV:  6    Int:  7 (8)  God:
Gold:   160        SH:  9    Dex: 10 (11) Spells: 0 memorised, 5 levels left

rFire  + . .     SeeInvis .     a - +0 flail
rCold  . . .     Gourm    .     j - +0 chain mail
rNeg   + . .     Faith    .     c - +0 shield
rPois  ∞         Spirit   .     (no helmet)
rElec  +         Reflect  .     (no cloak)
rCorr  .         Harm     .     (no gloves)
MR     .....                    (no boots)
Stlth  ..........               (no amulet)
                                (no ring)
                                b - ring of protection from fire

@: no status effects
A: negative energy resistance 1, electricity resistance, unbreathing,
petrification resistance, rot immunity, AC +4
a: no special abilities


You were on level 4 of the Dungeon.
You were hungry.

You visited 1 branch of the dungeon, and saw 4 of its levels.

You collected 160 gold pieces.

Inventory:

Hand Weapons
 a - a +0 flail (weapon)
Armour
 c - a +0 shield (worn)
 j - a +0 chain mail (worn)
Jewellery
 b - a ring of protection from fire (left hand)
Scrolls
 e - a scroll of magic mapping
 g - a scroll of identify
 l - 2 scrolls of teleportation
Comestibles
 f - a bread ration
 h - 2 meat rations
 i - 2 beef jerkies
 k - 3 fruits


   Skills:
 + Level 4.1 Fighting
 + Level 4.2 Maces & Flails
 + Level 4.2 Armour
 + Level 1.6 Dodging
 + Level 0.2 Stealth
 + Level 4.8 Shields


You had 5 spell levels left.
You didn't know any spells.

Dungeon Overview and Level Annotations

Branches:
Dungeon (4/15)
 Temple: D:4-7

Altars:
Vehumet

Annotations:
D:4 antares's ghost, amateur MfGl


Innate Abilities, Weirdness & Mutations

You are resistant to torment.
Your stone body is resilient. (AC +4)
You are immune to poison.
You resist negative energy. (rN+)
You are resistant to electric shocks. (rElec)
You can survive without breathing.
You are immune to petrification.
You are immune to rotting.


Message History

Antares's ghost hits you but does no damage.
You miss antares's ghost.
Antares's ghost is moderately damaged.
You block antares's ghost's attack. Antares's ghost hits you.
* * * LOW HITPOINT WARNING * * *
You sock antares's ghost!
Antares's ghost is heavily damaged.
You block antares's ghost's attack.
Your shield and chain mail prevent you from hitting antares's ghost.
Antares's ghost is heavily damaged.
Antares's ghost whispers, "There is no future for you."
Antares's ghost hits you.
* * * LOW HITPOINT WARNING * * *
You barely miss antares's ghost.
Antares's ghost is heavily damaged.
You block antares's ghost's attack.
You closely miss antares's ghost.
Antares's ghost is heavily damaged.
Antares's ghost hits you.
You die...

#.#..........
.###...####.##.###
..##.. #.##.# ##....#
#..#.# .....#
#####.#.###
..#..###..........
#s#..##...........
#W#..#............
###.##@#..#............
.8.8....................
......#...##............
......#...##......).....
..... #...###...........
....( #...# ##..........
.... #.... ##.........
.8.8 .....# #.........
#.....# #.........


You could see antares's ghost and a giant cockroach.

Vanquished Creatures
  Blork the orc (D:4)
  A bullfrog (D:3)
  A hound (D:4)
  Ijyb (D:3)
  A worker ant (D:4)
  8 adders
  An ooze (D:1)
  2 worms (D:2)
  2 dart slugs
  3 leopard geckos
  An orc (D:3)
  A giant cockroach (D:4)
  8 hobgoblins
  3 jackals (D:1)
  2 quokkas
  A ball python (D:3)
  7 bats
  6 frilled lizards
  3 goblins (D:1)
  5 kobolds
  A quokka skeleton (D:4)
  7 rats
66 creatures vanquished.

Notes
Turn   | Place    | Note
-------+----------+-------------------------------------------
     0 | D:1      | JeffiDaFish the Gargoyle Fighter began the quest for the Orb.
     0 | D:1      | Reached XP level 1. HP: 14/14 MP: 1/1
    45 | D:1      | Reached XP level 2. HP: 10/19 MP: 2/2
   391 | D:1      | Reached XP level 3. HP: 23/23 MP: 3/3
  1265 | D:2      | Reached skill level 1 in Dodging
  1265 | D:2      | Reached XP level 4. HP: 28/29 MP: 4/4
  1347 | D:2      | Found a radiant altar of Vehumet.
  1507 | D:3      | Found a faded altar of an unknown god.
  1623 | D:3      | Noticed a bullfrog
  1640 | D:3      | Killed a bullfrog
  1640 | D:3      | Reached XP level 5. HP: 21/33 MP: 5/5
  1651 | D:3      | Noticed Ijyb
  1659 | D:3      | Killed Ijyb
  2334 | D:4      | Reached XP level 6. HP: 38/38 MP: 6/6
  2409 | D:4      | Noticed Blork the orc
  2422 | D:4      | Killed Blork the orc
  2747 | D:4      | Noticed antares's ghost (amateur MfGl)
  2790 | D:4      | Slain by antares's ghost

Skill      XL: |  1  2  3  4  5  6 |
---------------+-------------------+-----
Dodging        | 1 |  1.6
Maces & Flails | 3 4 |  4.2
Shields        | 4 |  4.8
Fighting       | 4 |  4.1
Armour         | 4 |  4.2
Stealth        | |  0.2

Action                   |  1- 3 |  4- 6 || total
-------------------------+-------+-------++-------
Melee: Flail             |   105 |   239 ||   344
  Use: Scroll            |     4 |     4 ||     8
       Potion            |     5 |     4 ||     9
  Eat: Chunk             |     1 |     5 ||     6
Armor: Scale mail        |    64 |    55 ||   119
       Chain mail        |       |    83 ||    83
Dodge: Dodged            |    35 |    62 ||    97
Block: Shield            |    65 |   117 ||   182
